 Dungeon Crawl Stone Soup version 0.28.0 (webtiles) character file.

Game seed: 6456825039847691660

48 Hasart the Insei (level 3, -2/23 HPs)
             Began as an Octopode Transmuter on Feb 15, 2022.
             Slain by a gnoll (7 damage)
             ... on level 2 of the Dungeon.
             The game lasted 00:01:24 (1670 turns).

Hasart the Insei (Octopode Transmuter)              Turns: 1670, Time: 00:01:25

Health: -2/23      AC:  1    Str:  9    XL:     3   Next: 72%
Magic:  5/6        EV:  7    Int: 17    God:
Gold:   38         SH:  0    Dex: 12    Spells: 0/6 levels left

rFire   . . .      SeeInvis .     - Unarmed
rCold   . . .      Faith    .   (no shield)
rNeg    . . .      Spirit   .   (helmet currently unavailable)
rPois   .          Reflect  .   (no amulet)
rElec   .          Harm     .   (no ring)
rCorr   .          Rampage  .   (no ring)
Will    .....                   (no ring)
Stlth   ++........              (no ring)
HPRegen 0.07/turn               (no ring)
MPRegen 0.10/turn               (no ring)
                                (no ring)
                                (no ring)

@: appendages, held
A: tentacle spike 3, almost no armour, amphibious, 8 rings, camouflage 1,
gelatinous body 1, (nimble swimmer 1), tentacles
a: End Transformation


You were on level 2 of the Dungeon.
One of your tentacles had grown a beastly spike.
You visited 1 branch of the dungeon, and saw 2 of its levels.

You collected 38 gold pieces.

Inventory:

Jewellery
 b - a +6 ring of strength
Scrolls
 a - 2 scrolls of identify {unknown}
 d - a scroll of enchant armour {unknown}
Potions
 c - a potion of degeneration {unknown}
 e - a potion of attraction {unknown}


   Skills:
 + Level 1.3 Fighting
 + Level 2.4 Dodging
 * Level 3.5 Unarmed Combat
 + Level 2.3 Spellcasting
 + Level 2.4 Transmutations
 + Level 0.5 Poison Magic


You couldn't memorise any spells.
You knew the following spells:

 Your Spells              Type           Power      Damage    Failure   Level
a - Beastly Appendage     Tmut           20%        N/A       7%          1
b - Wereblood             Tmut           10%        N/A       11%         2
c - Spider Form           Tmut/Pois      7%         N/A       30%         3

Your spell library contained the following spells:

 Spells                   Type           Power      Damage    Failure   Level
 Sublimation of Blood     Necr           2%         N/A       28%         2
 Ice Form                 Ice/Tmut       6%         N/A       75%         4
 Summon Hydra             Summ           1%         N/A       100%        7


Dungeon Overview and Level Annotations

Branches:
Dungeon (2/15)

Altars:

Shops:
D:2 *


Innate Abilities, Weirdness & Mutations

One of your tentacles has grown a beastly spike.
You cannot wear most types of armour.
You are amphibious.
You can wear up to eight rings at the same time.
Your skin changes colour to match your surroundings (Stealth+).
Your rubbery body absorbs attacks. (AC +1, EV +1)
((You are camouflaged when in or above water. (Stealth+)))
You have tentacles for arms and can constrict up to eight enemies at once.


Message History

The adder is moderately wounded.
You constrict the adder. The adder completely misses you.
You tentacle-slap the adder.
You pierce the adder.
The adder is almost dead.
You constrict the adder.
You feel a bit better.
You kill the adder!
You closely miss the ball python. You grab the ball python.
You squeeze the ball python.
You feel a bit better.
You kill the ball python!
Your transformation is almost over.
Things that are here:
a +0 club; a ball python corpse; a goblin corpse Your tentacle spike disappears.
You howl as the wereblood boils in your veins!
Your primal bloodlust is almost over.
You howl as the wereblood boils in your veins!
Your primal bloodlust has ended.
You see here a +0 hunting sling.
You see here a +0 hunting sling.
Things that are here:
a +0 club; a ball python corpse; a goblin corpse A gnoll comes into view.
It is wielding a +0 flail.
A gnoll is nearby!
A gnoll is nearby!
A gnoll is nearby!
Casting: Wereblood (safe; 11% risk of failure)
Confirm with . or Enter, or press ? or * to list all spells.
One of your tentacles grows a vicious spike. 3 gnolls come into view.
The gnoll shouts! x3
The gnoll throws a throwing net.
The throwing net hits you.
You become entangled in the net!
You see here a throwing net.
You struggle against the net.
The gnoll hits you with a +0 flail.
You struggle against the net.
The gnoll hits you from afar with a +0 spear.
The gnoll hits you with a +0 flail!
* * * LOW HITPOINT WARNING * * *
The gnoll hits you with a +0 flail!
You die...

##### #...# #
######.g.# #
#...ggg@.# #
#.#####.##
############ #.#
#....).....'
####.#####.##########
#.$......#>..........
#.##.###.#.##########
# #...#.#.# #####
###.#.#.# #(..#
#.#.#†# #.#.###


You could see 4 gnolls.

Vanquished Creatures
  An adder (D:2)
  2 worms (D:2)
  A dart slug (D:1)
  A giant cockroach (D:1)
  3 goblins
  A hobgoblin (D:1)
  2 quokkas
  5 ball pythons
  6 bats
  2 frilled lizards
  5 kobolds
  6 rats
35 creatures vanquished.

Notes
Turn   | Place    | Note
-------+----------+-------------------------------------------
     0 | D:1      | Hasart the Octopode Transmuter began the quest for the Orb.
     0 | D:1      | Reached XP level 1. HP: 13/13 MP: 3/3
   414 | D:1      | Reached XP level 2. HP: 18/18 MP: 5/5
  1075 | D:1      | Reached XP level 3. HP: 22/23 MP: 6/6
  1267 | D:1      | Learned a level 2 spell: Wereblood
  1271 | D:1      | Learned a level 3 spell: Spider Form
  1319 | D:2      | Found Quon's General Store.
  1588 | D:2      | Found a faded altar of an unknown god.
  1670 | D:2      | Slain by a gnoll

Illustrated notes

Levels and vault maps discovered:
D:1:      dpeg_arrival_tiny_c, layout_loops_ring, serial_forest,
          infiniplex_forest_straight_2, infiniplex_forest_end_3,
          infiniplex_forest_clump_curved, infiniplex_forest_clump_double,
          infiniplex_forest_clump_small, infiniplex_forest_clump_curved,
          infiniplex_forest_end_2, infiniplex_forest_straight_2
D:2:      layout_basic, serial_shops, shop, ebering_ecumenical_altar_abandoned,
          minmay_fractal_squares_5

Action                   || total
-------------------------++-------
Melee: Unarmed           ||    72
       Constrict         ||    21
       Tentacles         ||    15
       Punch             ||     2
       Kick              ||     6
 Cast: Beastly Appendage ||     4
       Wereblood         ||     1
 Stab: Sleeping          ||     6
Armor: Skin              ||    10
Dodge: Dodged            ||    43
